 Dungeon Crawl Stone Soup version 0.14-a0-586-g2535b90 (webtiles) character file.

206 Malachi the Sneak (level 4, -2/36 HPs)
             Began as a Naga Enchanter on Nov 3, 2013.
             Killed by divine providence
             ... invoked by an orc priest
              (14 damage)
             ... on Level 3 of the Dungeon.
             The game lasted 00:04:53 (2991 turns).

Malachi the Sneak (Naga Enchanter)                  Turns: 2991, Time: 00:04:53

HP  -2/36        AC  3     Str 10      XL: 4   Next: 57%
MP   2/7         EV 10     Int 16      God:
Gold 115         SH  0     Dex 12      Spells:  2 memorised,  2 levels left

Res.Fire  : . . .   See Invis. : +   a - +1 dagger
Res.Cold  : . . .   Warding    : .   b - +1 robe
Life Prot.: . . .   Conserve   : .   (no shield)
Res.Poison: +       Res.Corr.  : .   (no helmet)
Res.Elec. : .       Clarity    : .   (no cloak)
Sust.Abil.: . .     Spirit.Shd : .   (no gloves)
Res.Mut.  : .       Stasis     : .   (no barding)
Res.Rott. : .       Flight     : .   (no amulet)
Saprovore : . . .                    (no ring)
                                     g - ring of sustenance

@: confused, very slow, slightly resistant to hostile enchantments, unstealthy
A: spit poison, see invisible, deformed body, poison resistance, slowness 2, AC
+1
a: Spit Poison


You were on level 3 of the Dungeon.
You were not hungry.

You visited 1 branch of the dungeon, and saw 3 of its levels.

You collected 115 gold pieces.

Inventory:

Hand weapons
 a - a +1,+1 dagger (weapon)
Missiles
 d - 12 darts (quivered)
 o - 7 poisoned needles
Armour
 b - a +1 robe (worn)
Comestibles
 f - 4 bread rations
 l - 2 chunks of kobold flesh
 m - a pear
Scrolls
 e - 2 scrolls of remove curse {unknown}
 h - a scroll of curse armour {unknown}
 k - a scroll of curse jewellery {unknown}
 n - a scroll of magic mapping {unknown}
 p - 2 scrolls of fog {unknown}
 q - a scroll of fear {unknown}
 r - a scroll of curse weapon {unknown}
Jewellery
 g - a ring of sustenance (left hand)
Potions
 i - a potion of curing {unknown}
 j - a potion of confusion
Books
 c - a book of Maledictions

   Spells                             Type                      Level
   *Corona                            Hexes                        1
   Sure Blade                         Hexes/Charms                 2
   *Ensorcelled Hibernation           Hexes/Ice                    2
   Confuse                            Hexes                        3
   Enslavement                        Hexes                        4
   Invisibility                       Hexes                        6


   Skills:
 * Level 1.8 Short Blades
 - Level 0.8 Throwing
 - Level 1.8 Dodging
 + Level 5.4 Stealth
 - Level 1.0 Spellcasting
 * Level 3.7 Hexes
 + Level 0.2 Ice Magic


You had 2 spell levels left.
You knew the following spells:

 Your Spells              Type           Power        Failure   Level  Hunger
a - Corona                Hex            ##.....      8%          1    ##.....
b - Ensorcelled Hibernat  Hex/Ice        #.....       17%         2    ###....


Dungeon Overview and Level Annotations

Branches:
Dungeon (3/27)

Altars:

Annotations:
D:2 exclusion: gnoll


Innate Abilities, Weirdness & Mutations

You cannot wear boots.
You can spit poison.
Your serpentine skin is tough (AC +1).
You have supernaturally acute eyesight.
Armour fits poorly on your strangely shaped body.
Your system is resistant to poisons.
You cover ground very slowly.


Message History

Casting: Ensorcelled Hibernation
Confirm with . or Enter, or press ? or * to list all spells.
Aiming: Ensorcelled Hibernation
Press: ? - help, Shift-Dir - straight line, f - orc
Aim: an orc, wielding an orcish short sword The orc resists.
The orc priest zaps a wand.
The orc priest seems to speed up.
The orc hits you but does no damage.
Read which item? (? for menu, Esc to quit)
Okay, then.
Drink which item? (? for menu, Esc to quit)
You are confused.
It was a potion of confusion.
The orc priest unwields an uncursed short sword.
The orc priest drops an uncursed short sword.
The orc priest picks up a runed mace.
The orc priest wields a runed mace.
The orc hits you with an orcish short sword.
You have got your breath back.
The orc priest invokes the aid of Beogh against you.
Something smites you!
You die...

#....# .# #....###
.# #)..... ..
#....#####.##
#./......K.O.
#########.#####.##
#o..o..%o.....%?..
#o#######.#####.##
#@# #.# .# #.# #.#
.# #.# #.# .# #.#
#.# .# #.# ..> .#
.#.# ... .# #.#.#
... . #.#.# #(#.#


You could see an orc priest and an orc.

Vanquished Creatures
  3 adders
  2 orcs (D:3)
  6 giant cockroaches (D:1)
  9 hobgoblins
  7 jackals (D:2)
  3 quokkas (D:2)
  9 bats
  A giant newt (D:2)
  5 goblins
  7 kobolds
  8 rats
60 creatures vanquished.

Notes
Turn   | Place    | Note
--------------------------------------------------------------
     0 | D:1      | Malachi, the Naga Enchanter, began the quest for the Orb.
     0 | D:1      | Reached XP level 1. HP: 15/15 MP: 3/3
   692 | D:1      | Reached XP level 2. HP: 7/22 MP: 4/4
   953 | D:1      | Learned a level 2 spell: Ensorcelled Hibernation
  1498 | D:1      | Reached XP level 3. HP: 26/28 MP: 5/5
  2204 | D:2      | Reached skill level 4 in Stealth
  2619 | D:2      | Reached XP level 4. HP: 34/36 MP: 7/7
  2634 | D:2      | Reached skill level 5 in Stealth
  2929 | D:3      | Noticed an ogre
  2991 | D:3      | Killed from afar by an orc priest

Action                   |  1- 3 |  4- 6 || total
-------------------------+-------+-------++-------
Melee: Dagger            |   170 |    48 ||   218
 Cast: Corona            |     8 |       ||     8
       Ensorcelled Hiber |     8 |    10 ||    18
 Abil: Spit Poison       |     4 |     1 ||     5
  Use: Potion            |       |     1 ||     1
 Stab: Sleeping          |    14 |     8 ||    22
